[Event "Titled Tuesday Blitz December 27 Early 2022"]
[White "Zubritskiy, Artyom"]
[Black "Topalov, Aleksandar"]
[WhiteFideId "4181247"]
[BlackFideId "925659"]
[WhiteElo "2442"]
[BlackElo "2233"]
[Result "1-0"]
[Round "01"]
[TimeControl "180+2"]
[Date "2022.12.27"]
[WhiteClock "0:00:05"]
[BlackClock "0:00:02"]

1. d4 Nf6 2. c4 c5 3. Nf3 g6 4. Nc3 Bg7 5. g3 O-O 6. Bg2 cxd4 7. Nxd4 Nc6 8. O-O Nxd4 9. Qxd4 d6 10. Qd3 Bf5 11. e4 Bd7 12. b3 Bc6 13. Bb2 a6 14. Rfd1 Qa5 15. Qd2 Rfc8 16. Rac1 b5 17. Bf1 bxc4 18. Bxc4 Bb5 19. Nxb5 Qxd2 20. Rxd2 axb5 21. Bxb5 Nxe4 22. Rxc8+ Rxc8 23. Re2 Nc3 24. Bxc3 Rxc3 25. Rxe7 Bd4 26. Bc4 Rf3 27. Re2 Bc5 28. Kg2 Rc3 29. a4 Kf8 30. a5 Rc1 31. Ra2 Ba7 32. a6 Rb1 33. Rd2 Bc5 34. g4 Ra1 35. g5 Rc1 36. Rd3 Kg7 37. Rf3 f5 38. gxf6+ Kf8 39. h4 Rd1 40. h5 d5 41. Bd3 Kf7 42. hxg6+ hxg6 43. Rg3 Kxf6 44. Rxg6+ Ke5 45. Rg3 Rd2 46. Rf3 Ba7 47. b4 Kd4 48. Bf1 Rb2 49. Rf7 Bb6 50. Rb7 1-0


[Site "https://www.chess.com"]

[Event "Titled Tuesday Blitz December 27 Early 2022"]
[White "gshwbedhkhd"]
[Black "Araujo, Everson De Moura"]
[BlackFideId "22737197"]
[WhiteElo "2577"]
[BlackElo "1944"]
[Result "1-0"]
[Round "01"]
[TimeControl "180+2"]
[Date "2022.12.27"]
[WhiteClock "0:01:16"]
[BlackClock "0:00:02"]

1. e4 e6 2. d4 d5 3. Bd3 c5 4. exd5 Qxd5 5. Nc3 Qd8 6. Nf3 Nf6 7. Bf4 a6 8. O-O Nc6 9. Ne2 Be7 10. c3 O-O 11. Qd2 Nh5 12. Be3 g6 13. dxc5 Qc7 14. Ned4 Bxc5 15. Nxe6 Bxe6 16. Bxc5 Rfd8 17. Qe3 Rd5 18. Bb6 Qd7 19. Bc4 Rf5 20. Rad1 Qe7 21. Bd3 Rxf3 22. Qxf3 Ne5 23. Qe2 Bg4 24. f3 Nf4 25. Qc2 Nexd3 26. fxg4 Ne2+ 27. Kh1 Ndf4 28. Rde1 Qd6 29. Be3 Qc6 30. Bxf4 Nxf4 31. Rxf4 1-0


[Site "https://www.chess.com"]

[Event "Titled Tuesday Blitz December 27 Early 2022"]
[White "Aghasiyev, Kamal"]
[Black "Szyszylo, Rafal"]
[WhiteFideId "13402854"]
[BlackFideId "1109626"]
[WhiteElo "2441"]
[BlackElo "2091"]
[Result "1-0"]
[Round "02"]
[TimeControl "180+2"]
[Date "2022.12.27"]
[WhiteClock "0:00:27"]
[BlackClock "0:00:16"]

1. e4 d6 2. d4 Nf6 3. Nc3 g6 4. h3 c6 5. a4 Bg7 6. Be3 O-O 7. f4 e5 8. dxe5 dxe5 9. Qxd8 Rxd8 10. fxe5 Nh5 11. Nf3 Ng3 12. Rg1 Nxf1 13. Rxf1 Nd7 14. O-O-O Re8 15. Bf4 Nc5 16. Bg3 a5 17. Kb1 h6 18. Rd6 Bf8 19. Rd2 Be6 20. Rfd1 Rab8 21. Nd4 Bc4 22. e6 Rbc8 23. exf7+ Bxf7 24. Re2 Ne6 25. Nf3 g5 26. Bd6 Bg7 27. Ne5 Nf4 28. Nxf7 Nxe2 29. Nxe2 Kxf7 30. Ng3 Rcd8 31. Nf5 Bf8 32. Rf1 Ke6 33. Bc7 Rd2 34. g4 Rh2 35. Bxh2 1-0


[Site "https://www.chess.com"]

[Event "Titled Tuesday Blitz December 27 Early 2022"]
[White "Alhadad, Mahmoud"]
[Black "Manukyan, Sargis A."]
[WhiteFideId "11501863"]
[BlackFideId "13303970"]
[WhiteElo "1840"]
[BlackElo "2158"]
[Result "0-1"]
[Round "02"]
[TimeControl "180+2"]
[Date "2022.12.27"]
[WhiteClock "0:00:01"]
[BlackClock "0:00:37"]

1. e4 e6 2. Nc3 d5 3. Nf3 Nf6 4. e5 Nfd7 5. d4 c5 6. dxc5 Nc6 7. Bf4 Bxc5 8. Bd3 Qb6 9. O-O Qxb2 10. Nb5 Qb4 11. Nc7+ Kd8 12. Bd2 Qg4 13. Nxa8 b6 14. Ng5 Qxd1 15. Raxd1 Ndxe5 16. Bf4 f6 17. Bxe5 Nxe5 18. Nf3 Nxf3+ 19. gxf3 Bb7 20. Rfe1 e5 21. f4 Bd4 22. fxe5 fxe5 23. Nxb6 axb6 24. Bb5 Rf8 25. Re2 Kc7 26. Kg2 Kd6 27. Kg3 Rf6 28. h3 Rg6+ 29. Kh2 Rf6 30. Kg3 Kc5 31. a4 e4 32. f4 exf3 33. Re7 Bc6 34. Bxc6 Kxc6 35. Rxd4 f2 36. Rd1 f1=Q 37. Rxf1 Rxf1 38. Kg2 Rc1 39. Rxg7 Rxc2+ 40. Kg3 Rc3+ 41. Kg2 h5 42. Rg5 h4 0-1


[Site "https://www.chess.com"]

[Event "Titled Tuesday Blitz December 27 Early 2022"]
[White "Ambartsumova, Karina"]
[Black "Demidov, Mikhail"]
[WhiteFideId "4166299"]
[BlackFideId "4197143"]
[WhiteElo "2393"]
[BlackElo "2583"]
[Result "0-1"]
[Round "02"]
[TimeControl "180+2"]
[Date "2022.12.27"]
[WhiteClock "0:00:02"]
[BlackClock "0:00:10"]

1. Nf3 g6 2. g3 Bg7 3. Bg2 e5 4. O-O Ne7 5. c4 O-O 6. Nc3 Nbc6 7. e3 d6 8. d4 exd4 9. Nxd4 Nxd4 10. exd4 Nf5 11. Ne2 Re8 12. Re1 Rb8 13. d5 a6 14. Nf4 Bd7 15. Rb1 Qf6 16. Bd2 Rxe1+ 17. Bxe1 Re8 18. Bc3 Qe7 19. Bxg7 Kxg7 20. Qd2 Qe5 21. Kf1 b5 22. cxb5 Bxb5+ 23. Kg1 g5 24. Nd3 Qf6 25. Re1 Rxe1+ 26. Nxe1 h6 27. h3 Nd4 28. Bf1 Qe5 29. Bg2 Bc4 30. Nf3 Nxf3+ 31. Bxf3 Bxa2 32. Qa5 Bc4 33. Bg2 Bb5 34. Qxc7 Qe1+ 35. Kh2 Qxf2 36. Qxd6 Qxb2 37. Qc5 Bf1 0-1


[Site "https://www.chess.com"]

[Event "Titled Tuesday Blitz December 27 Early 2022"]
[White "Amburgy, Ryan"]
[Black "Federzoni, Enzo"]
[WhiteFideId "30924820"]
[BlackFideId "2173301"]
[WhiteElo "2246"]
[BlackElo "2133"]
[Result "0-1"]
[Round "02"]
[TimeControl "180+2"]
[Date "2022.12.27"]
[WhiteClock "0:00:08"]
[BlackClock "0:00:13"]

1. d4 Nf6 2. Nc3 d5 3. Bf4 e6 4. Nb5 Na6 5. e3 c6 6. Nc3 Nc7 7. Nf3 Bb4 8. Bd3 Ne4 9. O-O Bxc3 10. bxc3 O-O 11. c4 Ne8 12. Qe1 b6 13. Rb1 N8d6 14. Ne5 Bb7 15. f3 Nf6 16. c5 Nf5 17. Bxf5 exf5 18. Qh4 Nd7 19. Qxd8 Rfxd8 20. Nxd7 Rxd7 21. cxb6 axb6 22. Rxb6 Rxa2 23. Rfb1 Bc8 24. Rxc6 Ra8 25. h4 h6 26. Rc5 Ba6 27. Ra1 Rdd8 28. Kf2 Bc4 29. Rxa8 Rxa8 30. Ke1 Ra1+ 31. Kd2 Ra2 32. g4 fxg4 33. fxg4 Ra1 34. g5 hxg5 35. hxg5 Rg1 36. Rc7 Rg2+ 37. Kc3 Rg1 38. Kb4 Rb1+ 39. Kc5 Rc1 40. g6 fxg6 41. Be5 Rxc2 42. Rxg7+ Kf8 43. Kd6 Ra2 44. Rc7 Ra6+ 45. Kd7 g5 46. Rc8+ Kf7 47. Rh8 Kg6 48. Rg8+ Kf5 49. Kc7 Rg6 50. Rxg6 Kxg6 51. Kd6 Kf5 52. Ke7 g4 53. Kf7 Ke4 54. Bf4 Kf3 55. Kf6 g3 56. Ke5 g2 57. Bh2 Kxe3 58. Kf5 Kf2 59. Kf4 g1=Q 60. Bxg1+ Kxg1 61. Ke3 Kg2 0-1


[Site "https://www.chess.com"]

[Event "Titled Tuesday Blitz December 27 Early 2022"]
[White "Ankerst, Mihael"]
[Black "Papasimakopoulos, Alexandros"]
[WhiteFideId "14602369"]
[BlackFideId "4244125"]
[WhiteElo "2370"]
[BlackElo "2401"]
[Result "0-1"]
[Round "02"]
[TimeControl "180+2"]
[Date "2022.12.27"]
[WhiteClock "0:00:03"]
[BlackClock "0:00:17"]

1. e4 e6 2. d4 d5 3. Nc3 Bb4 4. e5 b6 5. Qg4 Bf8 6. Bb5+ Bd7 7. Bd3 c5 8. Nf3 cxd4 9. Nb5 Bxb5 10. Bxb5+ Nd7 11. O-O a6 12. Bd3 Ne7 13. h4 Nc6 14. Re1 Qc7 15. Qg3 f5 16. h5 Nc5 17. Bg5 Qf7 18. Qh4 h6 19. Bf4 Be7 20. Qh3 O-O 21. Rad1 Ne4 22. a3 b5 23. Bf1 Rac8 24. Re2 Ng5 25. Qg3 Qxh5 26. Nxd4 Nxd4 27. Rxd4 Bc5 28. Rd1 Ne4 29. Qd3 Qh4 30. Qf3 g5 31. Be3 Bxe3 32. fxe3 Qg3 33. Qxg3 Nxg3 34. Red2 Nxf1 35. Kxf1 Rc4 36. Ke2 Rfc8 37. Kd3 Re4 38. Ra1 Kg7 39. c3 Kg6 40. g3 a5 41. a4 b4 42. Rc2 b3 43. Rd2 Rxe5 44. Ra3 Rb8 45. c4 dxc4+ 46. Kxc4 Re4+ 47. Kd3 Rg4 48. Kc3 Rxg3 49. Rd3 h5 50. Kd4 Kf6 51. Raxb3 Rxb3 52. Rxb3 h4 53. Rb8 h3 54. Rh8 Kg7 55. Rh5 g4 56. b4 axb4 57. a5 Rg2 58. Kc4 h2 59. Kxb4 g3 60. a6 Ra2 61. Kb5 Ra1 62. Kb6 h1=Q 63. Rxh1 Rxh1 64. a7 Ra1 65. Kb7 g2 66. a8=Q Rxa8 67. Kxa8 g1=Q 68. e4 Qb6 69. exf5 Qb5 0-1


[Site "https://www.chess.com"]

[Event "Titled Tuesday Blitz December 27 Early 2022"]
[White "Antonio, Jorge Carlos"]
[Black "Andreev, Konstantin"]
[WhiteFideId "113190"]
[BlackFideId "24239305"]
[WhiteElo "2277"]
[BlackElo "2195"]
[Result "1-0"]
[Round "02"]
[TimeControl "180+2"]
[Date "2022.12.27"]
[WhiteClock "0:00:07"]
[BlackClock "0:00:04"]

1. d4 Nf6 2. Nf3 d5 3. Bf4 c5 4. e3 Nc6 5. c3 Qb6 6. Qc2 Qd8 7. dxc5 a5 8. Bb5 e6 9. b4 Bd7 10. a4 axb4 11. Bxc6 Bxc6 12. cxb4 b6 13. Nd4 Bb7 14. c6 Bxb4+ 15. Nd2 Ba6 16. Rb1 Qe7 17. c7 Ne4 18. Qc6+ Qd7 19. Qxa8+ Ke7 20. Qxa6 Bxd2+ 21. Kf1 f6 22. f3 e5 23. fxe4 exd4 24. exd5 Qf5 25. d6+ Kf7 26. Qc4+ Kg6 27. g4 Qxb1+ 28. Ke2 Qxh1 29. Qd3+ Kf7 30. Qb3+ Kg6 31. Kxd2 Qg2+ 32. Kc1 Qc6+ 33. Qc2+ Qxc2+ 34. Kxc2 d3+ 35. Kxd3 Kf7 36. d7 Ke7 37. c8=Q Rd8 38. Ke2 Rxd7 39. Qg8 g5 40. Qxh7+ Ke6 41. Qxd7+ Kxd7 42. Bg3 Kc6 43. Kd3 Kc5 44. Ke4 Kb4 45. Bc7 Kxa4 46. Bxb6 1-0


[Site "https://www.chess.com"]

[Event "Titled Tuesday Blitz December 27 Early 2022"]
[White "Aravindh, Chithambaram VR."]
[Black "Ilkhomi, Jaloliddin"]
[WhiteFideId "5072786"]
[BlackFideId "14700948"]
[WhiteElo "2633"]
[BlackElo "1997"]
[Result "1-0"]
[Round "02"]
[TimeControl "180+2"]
[Date "2022.12.27"]
[WhiteClock "0:01:14"]
[BlackClock "0:00:05"]

1. b3 Nf6 2. Bb2 e6 3. Nf3 b6 4. g3 Bb7 5. Bg2 Be7 6. O-O O-O 7. c4 d5 8. Ne5 Nbd7 9. d4 c5 10. dxc5 bxc5 11. Nd2 Nxe5 12. Bxe5 Nd7 13. Bb2 Bf6 14. Bxf6 Nxf6 15. Rc1 Qb6 16. cxd5 Bxd5 17. e4 Bb7 18. Nc4 Qc7 19. Qd6 Rac8 20. e5 Bxg2 21. Qxc7 Rxc7 22. Kxg2 Nd5 23. Nd6 Rd8 24. Nb5 Rc6 25. Rc4 a6 26. Nd6 f6 27. Ne4 fxe5 28. Rfc1 Nb4 29. Rxb4 cxb4 30. Rxc6 Rd4 31. Ng5 Rd2 32. Rc8+ 1-0


[Site "https://www.chess.com"]

[Event "Titled Tuesday Blitz December 27 Early 2022"]
[White "Ardila, Oscar Humberto"]
[Black "Shuvalov, Evgenij"]
[WhiteFideId "4404742"]
[BlackFideId "4187237"]
[WhiteElo "1982"]
[BlackElo "2038"]
[Result "1-0"]
[Round "02"]
[TimeControl "180+2"]
[Date "2022.12.27"]
[WhiteClock "0:01:02"]
[BlackClock "0:00:01"]

1. d4 Nf6 2. c4 c5 3. d5 b5 4. Qc2 b4 5. e4 d6 6. h3 g6 7. Bf4 Bg7 8. Nd2 Nbd7 9. Ngf3 O-O 10. Bd3 a5 11. O-O a4 12. Rad1 a3 13. b3 Nb8 14. e5 Ne8 15. Rfe1 Qb6 16. Bg5 Ra7 17. Bf4 Nd7 18. e6 fxe6 19. dxe6 Rxf4 20. exd7 Rxd7 21. Be4 Bb7 22. Qd3 Rf8 23. Bd5+ Bxd5 24. Qxd5+ Kh8 25. Ng5 e5 26. Nde4 Nf6 27. Nxf6 Bxf6 28. Ne4 Rdd8 29. Qe6 Bg7 30. Ng5 Qc7 31. Ne4 Rfe8 32. Qd5 Bf8 33. Ng5 Rd7 34. Ne6 Qb7 35. Nxc5 Qxd5 36. Rxd5 Rf7 37. Ne4 Rd7 38. Red1 Red8 39. c5 Rc7 40. cxd6 Rc2 41. R5d2 Rxd2 42. Rxd2 Kg7 43. f3 Kf7 44. g4 h6 45. h4 Ke6 46. Nc5+ Kf6 47. g5+ hxg5 48. hxg5+ Kf5 49. Ne4 1-0


[Site "https://www.chess.com"]

[Event "Titled Tuesday Blitz December 27 Early 2022"]
[White "Atakishiyev, Elmar"]
[Black "Hoffmann, Asa"]
[WhiteFideId "13410547"]
[BlackFideId "2001470"]
[WhiteElo "2363"]
[BlackElo "2185"]
[Result "1-0"]
[Round "02"]
[TimeControl "180+2"]
[Date "2022.12.27"]
[WhiteClock "0:00:15"]
[BlackClock "0:00:24"]

1. Nf3 d6 2. g3 c6 3. Bg2 e5 4. O-O Nf6 5. b3 Be7 6. Bb2 O-O 7. c4 c5 8. e3 Nc6 9. d4 cxd4 10. exd4 e4 11. Nfd2 Bf5 12. Nc3 d5 13. cxd5 Nxd4 14. Ncxe4 Nxe4 15. Nxe4 Nb5 16. a4 Nd6 17. Qd4 f6 18. Nc5 Qb6 19. Ne6 Qxd4 20. Bxd4 Rfc8 21. Rac1 Kf7 22. Nc7 Be4 23. Nxa8 Rxa8 24. Bc5 Bxg2 25. Kxg2 b6 26. Ba3 Ne8 27. Bxe7 Kxe7 28. Rfd1 Rd8 29. Re1+ Kd7 30. h4 Nd6 31. g4 Nb7 32. b4 a5 33. bxa5 Nxa5 34. Re6 Nb3 35. Rce1 Nc5 36. Rxb6 Nxa4 37. Rb7+ Kd6 38. Rxg7 Nc3 39. Rxh7 Nxd5 40. Kf3 Ra8 41. g5 Ra3+ 42. Kg4 Ra4+ 43. Kh5 Nf4+ 44. Kh6 fxg5 45. hxg5 Ra2 46. Rf7 Rxf2 47. g6 Rh2+ 48. Kg7 Ne6+ 49. Kg8 Rg2 50. Rf6 Kd7 51. Rfxe6 1-0


[Site "https://www.chess.com"]

[Event "Titled Tuesday Blitz December 27 Early 2022"]
[White "Avila Pavas, Santiago"]
[Black "Jimenez Almeida, Luis David"]
[WhiteFideId "4437128"]
[BlackFideId "22242244"]
[WhiteElo "2522"]
[BlackElo "2242"]
[Result "1-0"]
[Round "02"]
[TimeControl "180+2"]
[Date "2022.12.27"]
[WhiteClock "0:00:51"]
[BlackClock "0:00:14"]

1. d4 g6 2. e4 Bg7 3. Nc3 c5 4. dxc5 Qa5 5. Bd2 Qxc5 6. Nf3 a6 7. Bd3 d6 8. O-O Nf6 9. Re1 O-O 10. e5 dxe5 11. Rxe5 Qc7 12. Re1 Nc6 13. h3 Rd8 14. Qe2 h6 15. Rad1 b5 16. a4 b4 17. Ne4 Bb7 18. Nc5 Nd4 19. Nxd4 Qxc5 20. Qxe7 Qxe7 21. Rxe7 Bxg2 22. Ne6 Bf3 23. Nxd8 Bxd1 24. Nxf7 Nd5 25. Rd7 Nb6 26. Rb7 Nxa4 27. Nxh6+ Kh7 28. Rxb4 Nc5 29. Bf1 Bxc2 30. Nf7 Bf5 31. Ng5+ Kh8 32. Rh4+ Kg8 33. Bc4+ Kf8 34. Bb4 Rc8 35. Bxa6 Rc6 36. Bb5 Rc7 37. Rc4 Bf6 38. Rxc5 Rb7 1-0


[Site "https://www.chess.com"]

[Event "Titled Tuesday Blitz December 27 Early 2022"]
[White "Babazada, Khazar"]
[Black "Mohammed, Zozek Salah Mohammed"]
[WhiteFideId "13413554"]
[BlackFideId "4803361"]
[WhiteElo "2474"]
[BlackElo "2210"]
[Result "1-0"]
[Round "02"]
[TimeControl "180+2"]
[Date "2022.12.27"]
[WhiteClock "0:00:48"]
[BlackClock "0:00:28"]

1. e4 d5 2. exd5 Qxd5 3. Nc3 Qd8 4. Nf3 Nf6 5. d4 a6 6. Bc4 b5 7. Bb3 c5 8. a4 c4 9. Ba2 Bd7 10. O-O e6 11. Ne5 Bd6 12. Re1 O-O 13. Bg5 Be7 14. Qf3 Ra7 15. Rad1 Nd5 16. Bxe7 Nxe7 17. Ne4 Nbc6 18. c3 Nxe5 19. dxe5 Qa8 20. Bb1 Bc6 21. Qh5 Ng6 22. Ng5 h6 23. Nxe6 fxe6 24. Qxg6 Bd5 25. Qh7+ Kf7 26. Bg6+ Ke7 27. Qxg7+ Kd8 28. Qxf8+ 1-0


[Site "https://www.chess.com"]

[Event "Titled Tuesday Blitz December 27 Early 2022"]
[White "Baches Garcia, Guillermo"]
[Black "Christiansen, Johan-Sebastian"]
[WhiteFideId "2209764"]
[BlackFideId "1512668"]
[WhiteElo "2327"]
[BlackElo "2579"]
[Result "0-1"]
[Round "02"]
[TimeControl "180+2"]
[Date "2022.12.27"]
[WhiteClock "0:00:11"]
[BlackClock "0:00:09"]

1. e4 e5 2. Nf3 Nc6 3. Bc4 Nf6 4. Ng5 d5 5. exd5 Na5 6. Bb5+ c6 7. dxc6 bxc6 8. Qf3 cxb5 9. Qxa8 Qc7 10. Nc3 a6 11. Nge4 Nxe4 12. Qxe4 Bb7 13. Qg4 h5 14. Qg3 h4 15. Qg4 h3 16. f3 hxg2 17. Qxg2 Nc6 18. d3 Nd4 19. Be3 Bxf3 20. Qg3 Nxc2+ 21. Kd2 Bxh1 22. Rxh1 Nxe3 23. Qxe3 Bb4 24. Qe4 Bxc3+ 25. bxc3 O-O 26. Re1 Re8 27. Re3 Qd6 28. Rg3 g6 29. h4 Qe6 30. h5 Qxa2+ 31. Ke3 Qh2 32. Qg4 e4 33. d4 Qc2 34. hxg6 Qxc3+ 35. Kf4 Qd2+ 36. Kf5 Qf2+ 37. Kg5 f6+ 38. Kh6 Qd2+ 39. Kh5 Qh2+ 40. Rh3 Qd2 41. g7 Qg5+ 42. Qxg5 fxg5 43. Kxg5 e3 44. Rh1 e2 45. Re1 Kxg7 46. d5 Re5+ 47. Kf4 Rxd5 48. Rxe2 a5 49. Ra2 a4 50. Ke4 Rc5 51. Kd4 Rc4+ 52. Kd5 Rb4 53. Kc5 Rb3 54. Kd4 a3 55. Kc5 b4 56. Kc4 Rb2 57. Ra1 a2 58. Kd3 b3 59. Rg1+ Kf6 60. Rg6+ Kxg6 0-1


[Site "https://www.chess.com"]

[Event "Titled Tuesday Blitz December 27 Early 2022"]
[White "Barbashin, Igor"]
[Black "Petrovic, Aleksa"]
[WhiteFideId "4155718"]
[BlackFideId "967629"]
[WhiteElo "2169"]
[BlackElo "2332"]
[Result "1-0"]
[Round "02"]
[TimeControl "180+2"]
[Date "2022.12.27"]
[WhiteClock "0:01:06"]
[BlackClock "0:00:23"]

1. d4 e6 2. c4 Nf6 3. Nc3 Bb4 4. Nf3 b6 5. g3 Ba6 6. Qb3 c5 7. a3 Ba5 8. Bg2 Nc6 9. d5 Nd4 10. Nxd4 cxd4 11. Qd1 dxc3 12. b4 Bxc4 13. dxe6 Bxe6 14. Qd6 Qb8 15. Bf4 Qxd6 16. Bxd6 Bxb4 17. axb4 Bd5 18. Bxd5 Nxd5 19. O-O-O Nf6 20. Rd3 Ne4 21. Re3 f5 22. f3 Kf7 23. fxe4 fxe4 24. Rxe4 Rhe8 25. Rf1+ Kg8 26. Rxe8+ Rxe8 27. e4 h6 28. e5 Rc8 29. Kc2 Rc4 30. Rf4 Rxf4 31. gxf4 Kf7 32. b5 Ke6 33. Bb8 Kd5 34. Bxa7 Kc5 35. f5 Kd5 36. f6 gxf6 37. exf6 Ke6 38. Bxb6 Kxf6 39. Bc7 1-0


[Site "https://www.chess.com"]

[Event "Titled Tuesday Blitz December 27 Early 2022"]
[White "Bazarov, Konstantin"]
[Black "Mills, Morgen"]
[WhiteFideId "4137000"]
[BlackFideId "2013304"]
[WhiteElo "2235"]
[BlackElo "2009"]
[Result "1-0"]
[Round "02"]
[TimeControl "180+2"]
[Date "2022.12.27"]
[WhiteClock "0:01:16"]
[BlackClock "0:01:04"]

1. c4 e6 2. Nf3 d5 3. e3 Nf6 4. Be2 a6 5. b3 Be7 6. Bb2 O-O 7. Qc2 c5 8. d3 Nc6 9. cxd5 Nb4 10. Qc3 Nbxd5 11. Qd2 c4 12. bxc4 Bb4 13. Nc3 Ne7 14. a3 Ba5 15. O-O Bd7 16. Qc2 Bc6 17. Ne5 Bc7 18. Nxc6 Nxc6 19. Rfd1 Qd6 20. g3 Ne5 21. d4 Neg4 22. Bf3 h5 23. e4 Qc6 24. Qe2 Bb6 25. h3 Nh6 26. e5 1-0


[Site "https://www.chess.com"]

[Event "Titled Tuesday Blitz December 27 Early 2022"]
[White "Bilan, Danila"]
[Black "Samunenkov, Ihor"]
[WhiteFideId "24161918"]
[BlackFideId "14187086"]
[WhiteElo "2303"]
[BlackElo "2501"]
[Result "0-1"]
[Round "02"]
[TimeControl "180+2"]
[Date "2022.12.27"]
[WhiteClock "0:00:04"]
[BlackClock "0:00:35"]

1. d4 Nf6 2. Nf3 d5 3. c4 e6 4. Nc3 c6 5. Bg5 h6 6. Bxf6 Qxf6 7. e3 g6 8. Be2 Bg7 9. O-O O-O 10. Rc1 Nd7 11. b4 dxc4 12. Bxc4 e5 13. d5 Nb6 14. Ne4 Qe7 15. dxc6 Rd8 16. Qb3 bxc6 17. Nc5 e4 18. Nd4 Bxd4 19. exd4 Rxd4 20. Rfd1 Rxd1+ 21. Rxd1 Nxc4 22. Qxc4 e3 23. Re1 exf2+ 24. Kxf2 Qf6+ 25. Kg1 Bf5 26. Rf1 Rd8 27. Qf4 Qd4+ 28. Qxd4 Rxd4 29. h3 Rxb4 30. Rd1 Rb1 31. Rxb1 Bxb1 32. Kf2 Bxa2 33. Ke3 h5 34. Kd4 h4 35. g3 hxg3 0-1


[Site "https://www.chess.com"]

[Event "Titled Tuesday Blitz December 27 Early 2022"]
[White "Bilych, Olexiy"]
[Black "Royal, Shreyas"]
[WhiteFideId "14156504"]
[BlackFideId "448869"]
[WhiteElo "2441"]
[BlackElo "2438"]
[Result "1/2-1/2"]
[Round "02"]
[TimeControl "180+2"]
[Date "2022.12.27"]
[WhiteClock "0:01:46"]
[BlackClock "0:01:18"]

1. d4 d5 2. c4 c6 3. Nf3 Nf6 4. Nc3 e6 5. e3 Nbd7 6. Qc2 Bd6 7. Bd3 O-O 8. O-O dxc4 9. Bxc4 a6 10. Bd3 b5 11. Ng5 h6 12. Nge4 Be7 13. a3 Bb7 14. Nxf6+ Nxf6 15. Ne4 Nxe4 16. Bxe4 Qb6 17. Bd2 a5 18. b4 axb4 19. Bxb4 Bxb4 20. axb4 Rac8 21. g3 Rfe8 22. Rfd1 Qc7 23. Ra7 e5 24. Qc5 exd4 25. Rxd4 Re5 26. Qd6 Qxd6 27. Rxd6 Rxe4 28. Rxb7 Rxb4 29. Rdd7 Rf8 30. Rdc7 Rc4 31. Rb6 Rd8 32. Rbb7 Rf8 33. Rb6 b4 34. Kf1 Rd8 35. Rbb7 Rf8 36. Rb6 Rd8 37. Rbb7 Rf8 38. Rb6 1/2-1/2


[Site "https://www.chess.com"]

[Event "Titled Tuesday Blitz December 27 Early 2022"]
[White "Bochnicka, Vladimir"]
[Black "Palacio,Igor Da Paz"]
[WhiteFideId "14943450"]
[BlackFideId "2121140"]
[WhiteElo "2327"]
[BlackElo "2172"]
[Result "1-0"]
[Round "02"]
[TimeControl "180+2"]
[Date "2022.12.27"]
[WhiteClock "0:00:25"]
[BlackClock "0:00:01"]

1. e4 Nf6 2. e5 Nd5 3. d4 d6 4. c4 Nb6 5. f4 dxe5 6. fxe5 Nc6 7. Be3 Bf5 8. Nc3 e6 9. Nf3 Bb4 10. Be2 Na5 11. c5 Nd5 12. Bd2 Nc6 13. O-O O-O 14. a3 Bxc3 15. bxc3 b6 16. Bb5 Nde7 17. cxb6 cxb6 18. Kh1 a6 19. Ba4 b5 20. Bc2 Na5 21. Bg5 Bg6 22. Bxg6 hxg6 23. Nd2 Qc7 24. Bxe7 Qxe7 25. Ne4 Nc4 26. Rf3 Rfd8 27. Qc1 Rac8 28. Ng5 f6 29. exf6 gxf6 30. Ne4 Rf8 31. Rg3 Kg7 32. Nc5 Rh8 33. Qc2 Rh6 34. Re1 Rc6 35. Qe4 Qc7 36. Nxe6+ Rxe6 37. Qxe6 Qxg3 38. Qe7+ Kh8 39. Qe8+ 1-0


[Site "https://www.chess.com"]

[Event "Titled Tuesday Blitz December 27 Early 2022"]
[White "Bodnaruk, Anastasia"]
[Black "Orujov, Elshad"]
[WhiteFideId "4181751"]
[BlackFideId "13403540"]
[WhiteElo "2350"]
[BlackElo "2304"]
[Result "1-0"]
[Round "02"]
[TimeControl "180+2"]
[Date "2022.12.27"]
[WhiteClock "0:01:17"]
[BlackClock "0:00:08"]

1. e4 c5 2. Nc3 d6 3. Nge2 Nf6 4. d4 cxd4 5. Nxd4 a6 6. Nb3 Nc6 7. Be3 e5 8. f3 Be6 9. Be2 Be7 10. O-O O-O 11. Nd5 Bxd5 12. exd5 Nb8 13. f4 Nbd7 14. fxe5 Nxe5 15. Nd4 g6 16. c4 Rc8 17. b3 Qd7 18. Kh1 Rfe8 19. Bf4 Neg4 20. h3 Ne5 21. a4 Ne4 22. Rc1 Bf8 23. Bxe5 dxe5 24. Nf3 f5 25. Kh2 h6 26. Bd3 Nf6 27. Nh4 e4 28. Be2 Bd6+ 29. Kh1 Kh7 30. Qe1 Qc7 31. Nxf5 gxf5 32. Rxf5 Be5 33. Qh4 Qg7 34. Rcf1 Rg8 35. g4 Rcf8 36. Rxe5 Kh8 37. Ref5 1-0


[Site "https://www.chess.com"]

[Event "Titled Tuesday Blitz December 27 Early 2022"]
[White "Bogaudinov, Rushan"]
[Black "Tanenbaum, Zachary"]
[WhiteFideId "4129288"]
[BlackFideId "2060850"]
[WhiteElo "1939"]
[BlackElo "2261"]
[Result "1/2-1/2"]
[Round "02"]
[TimeControl "180+2"]
[Date "2022.12.27"]
[WhiteClock "0:00:10"]
[BlackClock "0:00:08"]

1. d4 d5 2. c4 dxc4 3. Nc3 e5 4. e3 exd4 5. Qxd4 Qxd4 6. exd4 Nc6 7. Be3 Nf6 8. Bxc4 Bd6 9. Nf3 O-O 10. O-O Bg4 11. Nb5 Bxf3 12. gxf3 Rad8 13. Nxd6 Rxd6 14. Rfd1 Rfd8 15. d5 Nxd5 16. Bc5 R6d7 17. Bb5 Nf4 18. Rxd7 Rxd7 19. Be3 Ne6 20. Bxc6 bxc6 21. Bxa7 Rd2 22. b4 h5 23. a4 Nd4 24. Bxd4 Rxd4 25. a5 Rxb4 26. a6 Rb8 27. a7 Ra8 28. Kf1 Kf8 29. Ke2 Ke7 30. Kd3 Kd7 31. Kc4 Kc8 32. Kc5 Kb7 33. Rb1+ Kxa7 34. Kxc6 Re8 35. Rb7+ Ka6 36. Rxc7 Re6+ 37. Kd5 Re2 38. Rxf7 Rxf2 39. h4 Rh2 40. Rf4 Kb6 41. Kd6 Rd2+ 42. Ke6 Kc6 43. Kf7 Rg2 44. Rf5 Rg3 45. Rxh5 Rxf3+ 46. Kxg7 Rg3+ 47. Kf6 Kd7 48. Rh7+ Kd6 49. h5 Rf3+ 50. Kg5 Ke6 51. Ra7 Rg3+ 52. Kf4 Rg1 53. h6 Kf6 54. h7 Rh1 55. Kg4 Kg6 56. Kf4 Rxh7 57. Rxh7 Kxh7 1/2-1/2


[Site "https://www.chess.com"]

[Event "Titled Tuesday Blitz December 27 Early 2022"]
[White "Borrmann, Laurenz"]
[Black "Kezin, Roman"]
[WhiteFideId "312187930"]
[BlackFideId "24124621"]
[WhiteElo "2304"]
[BlackElo "2514"]
[Result "0-1"]
[Round "02"]
[TimeControl "180+2"]
[Date "2022.12.27"]
[WhiteClock "0:00:02"]
[BlackClock "0:00:42"]

1. e4 c5 2. Nf3 b6 3. d4 cxd4 4. Nxd4 Bb7 5. Nc3 a6 6. Bg5 Qc7 7. Qd2 e6 8. Be2 Nf6 9. Bxf6 gxf6 10. O-O Nc6 11. Rad1 b5 12. Rfe1 h5 13. a3 Bh6 14. Qd3 Nxd4 15. Qxd4 Bf4 16. Qxf6 Bxh2+ 17. Kh1 Be5 18. Qf3 O-O-O 19. Bf1 f5 20. Bd3 Rdf8 21. Qe3 h4 22. exf5 h3 23. Be4 hxg2+ 24. Kg1 d5 25. Bxg2 Bh2+ 26. Kf1 Kb8 27. Qxe6 d4 28. Nd5 Qxc2 29. Rxd4 Rxf5 30. Qe3 Rhf8 31. Rd2 Qc4+ 32. Ree2 Bxd5 0-1


[Site "https://www.chess.com"]

[Event "Titled Tuesday Blitz December 27 Early 2022"]
[White "Bortnyk, Olexandr"]
[Black "Tikhonov, Viacheslav"]
[WhiteFideId "14120828"]
[BlackFideId "44196407"]
[WhiteElo "2605"]
[BlackElo "2220"]
[Result "1/2-1/2"]
[Round "02"]
[TimeControl "180+2"]
[Date "2022.12.27"]
[WhiteClock "0:00:05"]
[BlackClock "0:00:39"]

1. d4 Nf6 2. Nc3 d5 3. Bf4 c5 4. e3 cxd4 5. exd4 Bg4 6. f3 Bd7 7. g4 e6 8. Nb5 Bxb5 9. Bxb5+ Nc6 10. c3 Bd6 11. Bg3 O-O 12. Ne2 Rc8 13. O-O Qe7 14. Kg2 e5 15. dxe5 Bxe5 16. Re1 Rfe8 17. Nd4 Qc7 18. Bxc6 bxc6 19. Rxe5 Rxe5 20. Nxc6 Qxc6 21. Bxe5 Qb5 22. Qd2 Re8 23. Re1 Ne4 24. fxe4 Rxe5 25. exd5 Rxe1 26. Qxe1 Qxd5+ 27. Kf2 h6 28. b3 Qd6 29. Qe8+ Kh7 30. Qe4+ g6 31. c4 Qxh2+ 32. Ke3 Qxa2 33. Qd3 Qa5 34. Qd4 Qe1+ 35. Kf3 Qf1+ 36. Kg3 Qe1+ 37. Kf3 Qf1+ 38. Kg3 Qe1+ 39. Kf3 1/2-1/2


[Site "https://www.chess.com"]